 Dungeon Crawl Stone Soup version 0.21-a0-509-gecc5317 (webtiles) character file.

1533 Gwenloh the Spear-Bearer (level 8, -3/64 HPs)
             Began as a Merfolk Gladiator on Nov 29, 2017.
             Was an Initiate of Fedhas.
             Slain by an orc warrior
             ... wielding a +0 dire flail
              (14 damage)
             ... on level 6 of the Dungeon on Nov 30, 2017.
             The game lasted 00:36:20 (7445 turns).

Gwenloh the Spear-Bearer (Merfolk Gladiator)        Turns: 7445, Time: 00:36:21

Health: -3/64      AC:  8    Str: 17    XL:     8   Next: 85%
Magic:  8/8        EV: 17    Int:  7    God:    Fedhas [......]
Gold:   220        SH:  0    Dex: 15    Spells: 6/7 levels left

rFire    . . .     SeeInvis .   a - +1 trident
rCold    . . .     Gourm    .   (no shield)
rNeg     . . .     Faith    .   j - +2 leather armour {MR+}
rPois    .         Spirit   .   c - +0 helmet
rElec    .         Reflect  .   d - +0 cloak
rCorr    +         Harm     .   (no gloves)
MR       +....                  z - +0 pair of boots
Stlth    +.........             (no amulet)
HPRegen  0.20/turn              e - ring of resist corrosion
MPRegen  0.11/turn              (no ring)

@: no status effects
A: change form in water, swift swim, stealthy swim
a: Fungal Bloom, Renounce Religion


You were on level 6 of the Dungeon.
You worshipped Fedhas.
Fedhas was noncommittal.
You were not hungry.

You visited 2 branches of the dungeon, and saw 7 of its levels.

You collected 220 gold pieces.

Inventory:

Hand Weapons
 a - a +1 trident (weapon)
 b - a +0 blowgun
Missiles
 i - 30 poisoned needles
 m - a throwing net (quivered)
Armour
 c - a +0 helmet (worn)
 d - a +0 cloak (worn)
 j - a +2 leather armour of magic resistance (worn)
 w - a +0 leather armour
 y - a +0 ring mail
 z - a +0 pair of boots (worn)
Jewellery
 e - a ring of resist corrosion (left hand)
 q - a +1 ring of evasion {unknown}
 E - a +2 ring of slaying {unknown}
Wands
 n - a wand of disintegration (14)
 A - a wand of random effects (22)
 G - a wand of digging (9)
 I - a wand of clouds (6)
Scrolls
 g - 5 scrolls of teleportation
 h - a scroll of immolation
 o - a scroll of random uselessness {unknown}
 v - a scroll of blinking {unknown}
 D - a scroll of magic mapping {unknown}
 F - 3 scrolls of remove curse
 H - a scroll of enchant armour {unknown}
Potions
 k - a potion of magic
 p - a potion of curing
 s - a potion of agility
 u - a potion of might
 x - a potion of mutation {unknown}
 B - a potion of brilliance
Books
 r - a book of Cantrips

   Spells                             Type                      Level
   a - Confusing Touch                Hexes                        1
   b - Animate Skeleton               Necromancy                   1
   c - Summon Small Mammal            Summoning                    1
   d - Apportation                    Translocation                1
 C - a book of Maledictions

   Spells                             Type                      Level
   a - Corona                         Hexes                        1
   b - Ensorcelled Hibernation        Hexes/Ice                    2
   c - Confuse                        Hexes                        3
   d - Tukima's Dance                 Hexes                        3
   e - Dazzling Spray                 Conjuration/Hexes            3
 J - a book of Cantrips

   Spells                             Type                      Level
   a - Confusing Touch                Hexes                        1
   b - Animate Skeleton               Necromancy                   1
   c - Summon Small Mammal            Summoning                    1
   d - Apportation                    Translocation                1
Comestibles
 f - 4 bread rations


   Skills:
 + Level 6.1 Fighting
 + Level 8.7 Polearms
 + Level 5.5 Throwing
 + Level 8.0 Dodging
 + Level 1.6 Translocations


You had 6 spell levels left.
You knew the following spells:

 Your Spells              Type           Power        Failure   Level  Hunger
a - Apportation           Tloc           #.....       30%         1    ##.....


Dungeon Overview and Level Annotations

Branches:
Dungeon (6/15)             Temple (1/1) D:4

Altars:
Ashenzari
Cheibriados
Dithmenos
Elyvilon
Fedhas
Gozag
Hepliaklqana
Kikubaaqudgha
Makhleb
Nemelex Xobeh
Qazlal
Sif Muna
Trog
Uskayaw
Vehumet
Wu Jian
Xom
Yredelemnul
Zin
The Shining One

Annotations:
D:3 Roak's ghost, amateur OpVM
D:4 Eustachio


Message History

The orc warrior is almost dead.
The orc warrior closely misses you.
You are too injured to fight recklessly!
Attack whom?
Press: ? - help, Dir - move target cursor, f - orc warrior
Aim: an orc warrior, wielding a dire flail and wearing a plate armour (almost dead)
You reach to attack!
You hit the orc warrior but do no damage.
The orc warrior is almost dead.
Okay, then.
Okay, then.
You hit the orc warrior.
The orc warrior is almost dead.
The orc warrior hits you with a dire flail.
* * * LOW HITPOINT WARNING * * *
You hit the orc warrior but do no damage.
The orc warrior is almost dead.
The orc warrior hits you with a dire flail!
You die...
Fedhas appreciates your contribution to the ecosystem.

###.#####.#
#..........
#.#.#..#..#
#.#....#..#
########.#.......#
#.....ooo........#
#o######.##...# #o#
#.###.## # #@#
#o###.##.# #.#
#..)oo...# ##.#
####...### #..##
##.....## #.#.##
##.......#
#....####......o..#
####.......'.........+
#........###.........#
#.##.#.#.# ##.......##


You could see an orc warrior and an orc wizard.

Vanquished Creatures
  Sigmund (D:4)
  Duvessa (D:5)
  A phantom (D:5)
  An ogre (D:5)
  Blork the orc (D:4)
  Dowan (D:5)
  A scorpion (D:4)
  3 crimson imps (D:5)
  A bullfrog zombie (D:6)
  A quasit (D:5)
  2 orc priests
  2 hounds
  6 orc wizards
  A bullfrog skeleton (D:5)
  A centaur skeleton (D:5)
  2 worker ants
  Natasha (D:3)
  Ijyb (D:4)
  Robin (D:2)
  4 gnolls (D:3)
  13 adders
  A shadow imp (D:5)
  4 adder skeletons (D:4)
  2 worms
  3 dart slugs
  3 leopard geckos
  23 orcs
  A ball python (D:3)
  7 bats
  9 giant cockroaches
  8 hobgoblins
  2 jackals (D:2)
  12 kobolds
  2 quokkas
  A ball python skeleton (D:4)
  5 frilled lizards
  12 goblins
  A jackal skeleton (D:5)
  10 rats
152 creatures vanquished.

Vanquished Creatures (others)
  8 toadstools (D:5)
8 creatures vanquished.

Grand Total: 160 creatures vanquished

Notes
Turn   | Place    | Note
-------+----------+-------------------------------------------
     0 | D:1      | Gwenloh the Merfolk Gladiator began the quest for the Orb.
     0 | D:1      | Reached XP level 1. HP: 16/16 MP: 1/1
   118 | D:1      | Reached XP level 2. HP: 23/23 MP: 2/2
   332 | D:1      | Reached XP level 3. HP: 26/28 MP: 3/3
   832 | D:2      | Found a stormy altar of Qazlal.
   898 | D:2      | Found a sparkling altar of Nemelex Xobeh.
   901 | D:2      | Reached skill level 5 in Polearms
   947 | D:2      | Reached XP level 4. HP: 29/34 MP: 4/4
   975 | D:2      | Noticed Robin
   990 | D:2      | Killed Robin
  1376 | D:2      | Reached skill level 5 in Dodging
  1388 | D:2      | Reached XP level 5. HP: 13/41 MP: 5/5
  2275 | D:3      | Found a glowing golden altar of the Shining One.
  2349 | D:3      | Noticed Roak's ghost (amateur OpVM)
  2363 | D:3      | Reached XP level 6. HP: 19/48 MP: 6/6
  3658 | D:4      | Noticed Eustachio
  3778 | D:4      | Noticed Natasha
  3780 | D:4      | Noticed Sigmund
  3794 | D:3      | Killed Natasha
  3794 | D:3      | Reached XP level 7. HP: 41/55 MP: 7/7
  3982 | D:4      | Noticed Blork the orc
  4350 | D:4      | Found a staircase to the Ecumenical Temple.
  4359 | Temple   | Entered the Ecumenical Temple
  4435 | Temple   | Became a worshipper of Fedhas Madash
  4576 | D:4      | Killed Blork the orc
  4704 | D:5      | Entered Level 5 of the Dungeon
  4856 | D:4      | Killed Sigmund
  4856 | D:4      | Reached skill level 5 in Fighting
  5307 | D:5      | Reached XP level 8. HP: 51/62 MP: 8/8
  5592 | D:5      | Learned a level 1 spell: Apportation
  5595 | D:5      | Found a shimmering altar of Xom.
  5595 | D:5      | Found a white marble altar of Elyvilon.
  5600 | D:5      | Found an ancient bone altar of Kikubaaqudgha.
  5602 | D:5      | Found a faded altar of an unknown god.
  5603 | D:5      | Found a deep blue altar of Sif Muna.
  5664 | D:5      | Reached skill level 5 in Throwing
  6130 | D:5      | Reached skill level 1 in Translocations
  6328 | D:5      | Noticed Ijyb
  6335 | D:5      | Noticed Duvessa
  6339 | D:5      | Noticed Dowan
  6743 | D:4      | Killed Ijyb
  6935 | D:5      | Killed Dowan
  7249 | D:5      | Killed Duvessa
  7445 | D:6      | Slain by an orc warrior

Vault maps used:
D:1:      dpeg_arrival_subterranean_lakeside_camping
D:2:      nemelex_xobeh_ov_fountains_minmay, grunt_qazlal_sundering,
          uniq_crazy_yiuf_cottage, uniq_robin, uniq_natasha
D:3:      nicolae_overflow_crystal_walls
D:4:      temple_fountains, uniq_eustachio, uniq_sigmund, uniq_blork_the_orc
D:5:      chequers_temple_overflow_minitemple, first_bread, uniq_duvessa,
          uniq_ijyb
D:6:      uniq_prince_ribbit1
Temple:   nicolae_temple_great_sept

Skill      XL: |  1  2  3  4  5  6  7  8 |
---------------+-------------------------+-----
Polearms       | 5 6 7 8 |  8.7
Fighting       | 3 4 5 6 |  6.1
Dodging        | 5 6 7 8 |  8.0
Throwing       | 3 4 5 |  5.5
Translocations | 1 |  1.6

Action                   |  1- 3 |  4- 6 |  7- 9 || total
-------------------------+-------+-------+-------++-------
Melee: Trident           |    77 |   291 |   380 ||   748
 Fire: Blowgun           |       |     3 |     2 ||     5
Throw: Throwing net      |     2 |     1 |     2 ||     5
Invok: Fungal Bloom      |       |       |     5 ||     5
  Use: Scroll            |       |     7 |     2 ||     9
       Potion            |       |     1 |     2 ||     3
 Stab: Sleeping          |     3 |     3 |       ||     6
       Held in net/web   |     1 |       |       ||     1
  Eat: Chunk             |       |     9 |     9 ||    18
       Fruit             |       |       |     2 ||     2
       Royal jelly       |       |       |     1 ||     1
Armor: Leather armour    |     6 |    55 |    92 ||   153
Dodge: Dodged            |    20 |   181 |   277 ||   478

Table legend:
 A = Spawn XP
 B = Non-spawn XP
 C = Spawn XP percentage of total XP
 D = Spawn monster count
 E = Non-spawn monster count
 F = Spawn count percentage of total count
 G = Total turns spent on level
                    A         B        C        D         E        F      G
               +---------+---------+-------+---------+---------+-------+---------
         Total |       0 |    2191 |   0.0 |       0 |     152 |   0.0 |  7445
               +---------+---------+-------+---------+---------+-------+---------
           D:1 |       0 |      41 |   0.0 |       0 |      22 |   0.0 |   824
           D:2 |       0 |     181 |   0.0 |       0 |      28 |   0.0 |  1526
           D:3 |       0 |     260 |   0.0 |       0 |      43 |   0.0 |  1083
           D:4 |       0 |     628 |   0.0 |       0 |      27 |   0.0 |  2152
           D:5 |       0 |     948 |   0.0 |       0 |      27 |   0.0 |  1658
           D:6 |       0 |     133 |   0.0 |       0 |       5 |   0.0 |   115
               +---------+---------+-------+---------+---------+-------+---------
